 Dungeon Crawl Stone Soup version 0.30-a0-365-ge7f957f1db (webtiles) character file.

Game seed: 2778170591439165314

85 MachoJfn the Chucker (level 4, -1/32 HPs)
             Began as a Gnoll Wanderer on Nov 17, 2022.
             Was an Initiate of Okawaru.
             Slain by an ogre
             ... wielding a +0 giant club
              (3 damage)
             ... on level 3 of the Dungeon.
             The game lasted 00:24:45 (2471 turns).

MachoJfn the Chucker (Gnoll Wanderer)               Turns: 2471, Time: 00:24:46

Health: -1/32      AC:  3    Str: 15    XL:     4   Next: 48%
Magic:  11/11      EV: 11    Int: 10    God:    Okawaru [......]
Gold:   95         SH:  0    Dex: 11    Spells: 12/13 levels left

rFire   . . .      SeeInvis .    a - +0 spear
rCold   . . .      Faith    .    (no shield)
rNeg    . . .      Spirit   .    e - +0 leather armour
rPois   .          Reflect  .    (no helmet)
rElec   .          Harm     .    (no cloak)
rCorr   +          Rampage  .    (no gloves)
Will    .....                    (no boots)
Stlth   +.........               (no amulet)
HPRegen 0.25/turn                n - ring of resist corrosion
MPRegen 0.12/turn                (no ring)

@: no status effects
A: fangs 1, strong nose, distributed training
a: Renounce Religion


You were on level 3 of the Dungeon.
You worshipped Okawaru.
Okawaru was noncommittal.
You visited 1 branch of the dungeon, and saw 3 of its levels.

You collected 95 gold pieces.

Inventory:

Hand Weapons
 a - a +0 spear (weapon)
Missiles
 b - 7 boomerangs
Armour
 e - a +0 leather armour (worn)
Jewellery
 n - a ring of resist corrosion (left hand)
Scrolls
 d - a scroll of fear
 g - 2 scrolls of vulnerability
 h - a scroll of poison
 o - a scroll of butterflies {unknown}
Potions
 c - a potion of brilliance {unknown}
 f - 3 potions of curing (quivered) {unknown}
 i - 2 potions of might {unknown}
 j - 2 potions of haste
 k - a potion of lignification {unknown}
 l - a potion of heal wounds
 m - a potion of ambrosia {unknown}


   Skills:
 + Level 1.2 Fighting
 + Level 1.2 Short Blades
 + Level 1.2 Long Blades
 + Level 1.2 Axes
 + Level 1.2 Maces & Flails
 + Level 4.6 Polearms
 + Level 1.2 Staves
 + Level 1.2 Ranged Weapons
 + Level 6.6 Throwing
 + Level 1.2 Armour
 + Level 1.2 Dodging
 + Level 1.2 Stealth
 + Level 1.2 Shields
 + Level 1.2 Unarmed Combat
 + Level 5.1 Spellcasting
 + Level 1.0 Conjurations
 + Level 1.0 Hexes
 + Level 1.0 Summonings
 + Level 1.0 Necromancy
 + Level 1.0 Translocations
 + Level 1.0 Transmutations
 + Level 1.0 Fire Magic
 + Level 1.0 Ice Magic
 + Level 3.8 Air Magic
 + Level 1.0 Earth Magic
 + Level 1.0 Poison Magic
 + Level 1.3 Invocations
 + Level 2.8 Evocations


You had 12 spell levels left.
You knew the following spells:

 Your Spells              Type           Power      Damage    Failure   Level
a - Shock                 Conj/Air       28%        1d4       11%         1

Your spell library contained the following spells:

 Spells                   Type           Power      Damage    Failure   Level
 Swiftness                Air            10%        N/A       17%         3
 Ignite Poison            Fire/Tmut/Pois 4%         N/A       50%         3
 Airstrike                Air            5%         2d(1-17)  50%         4
 Sticky Flame             Conj/Fire      4%         2d3       88%         4
 Ignition                 Fire           2%         3d3       100%        8


Dungeon Overview and Level Annotations

Branches:
Dungeon (3/15)

Altars:
Okawaru
Sif Muna


Innate Abilities, Weirdness & Mutations

You have very sharp teeth.
Your uncanny sense of smell can sniff out nearby items.
Your experience applies equally to all skills.


Message History

You see here a +0 dagger.
You hit the orc.
The orc is moderately wounded.
The orc hits you with a +0 whip.
You hit the orc.
You kill the orc!
Things that are here:
a +0 whip; an orc corpse You start resting.
HP restored.
j - 2 potions of haste (gained 1)
Found a shimmering blue altar of Sif Muna and an iron altar of Okawaru.
Sorry, I don't know how to traverse that place.
There is an iron altar of Okawaru here.
You kneel at the altar of Okawaru.
Okawaru welcomes you!
Welcome back, MachoJfn the Gnoll Wanderer.
Okawaru says: Bring me glory in combat!
Press ? for a list of commands and other information.
Sorry, I don't know how to traverse that place.
Found 4 stones.
You see here 4 stones.
There is a stone staircase leading down here.
o - a scroll labelled AJILOO UPAES An ogre comes into view.
It is wielding a +0 giant club.
The ogre shouts!
You hit the ogre. You bite the ogre.
The ogre is moderately wounded.
The ogre hits you with a +0 giant club!
You hit the ogre but do no damage.
The ogre is lightly wounded.
You hit the ogre.
The ogre is moderately wounded.
The ogre hits you with a +0 giant club!!
Ouch! That really hurt!
* * * LOW HITPOINT WARNING * * *
You completely miss the ogre.
The ogre is moderately wounded.
The ogre hits you with a +0 giant club.
You die...

.#########.#########
.# #.............#
.#####...#.#######.#
....##...........#.#
..#.##.#.#.#####.#.#
#...##.#.#.# #.#.#
##.....#.#.# #.#.#
#..#....#.# #.#.#
##......#.# #@#.#
###..#.#.....O.#.#
#####..#.#########.#
#....#.#...(.......#
#....#..>###########
.......#.#
#....###.#
########## #....#
#.# #........#
#....# #.#
#(#####.##


You could see an ogre.

Vanquished Creatures
  Jessica (D:2)
  An adder (D:2)
  A worm (D:2)
  2 orcs (D:3)
  4 ball pythons
  4 endoplasms
  2 goblins
  7 hobgoblins
  3 jackals (D:1)
  4 quokkas
  4 bats
  3 frilled lizards
  2 kobolds (D:2)
  A rat (D:3)
39 creatures vanquished.

Notes
Turn   | Place    | Note
-------+----------+-------------------------------------------
     0 | D:1      | MachoJfn the Gnoll Wanderer began the quest for the Orb.
     0 | D:1      | MachoJfn set off with the following items: a +0 spear, 7
                  | boomerangs, a +0 dagger, a scroll of fear, a +0 leather
                  | armour; and the following spell memorised: Shock; and the
                  | following spells available to memorise: Swiftness,
                  | Airstrike.
     0 | D:1      | Reached XP level 1. HP: 13/13 MP: 6/6
   162 | D:1      | Reached XP level 2. HP: 15/19 MP: 7/7
  1047 | D:2      | Reached skill level 5 in Spellcasting
  1047 | D:2      | Reached XP level 3. HP: 9/25 MP: 4/9
  1362 | D:2      | Reached skill level 1 in Invocations
  1464 | D:2      | Noticed Jessica
  1483 | D:2      | Killed Jessica
  1484 | D:2      | Reached skill level 1 in Fighting
  1484 | D:2      | Reached skill level 1 in Short Blades
  1484 | D:2      | Reached skill level 1 in Long Blades
  1484 | D:2      | Reached skill level 1 in Axes
  1484 | D:2      | Reached skill level 1 in Maces & Flails
  1484 | D:2      | Reached skill level 1 in Staves
  1484 | D:2      | Reached skill level 1 in Ranged Weapons
  1484 | D:2      | Reached skill level 1 in Armour
  1484 | D:2      | Reached skill level 1 in Dodging
  1484 | D:2      | Reached skill level 1 in Stealth
  1484 | D:2      | Reached skill level 1 in Shields
  1484 | D:2      | Reached skill level 1 in Unarmed Combat
  1484 | D:2      | Reached XP level 4. HP: 26/32 MP: 4/11
  2179 | D:3      | Reached skill level 1 in Conjurations
  2179 | D:3      | Reached skill level 1 in Hexes
  2179 | D:3      | Reached skill level 1 in Summonings
  2179 | D:3      | Reached skill level 1 in Necromancy
  2179 | D:3      | Reached skill level 1 in Translocations
  2179 | D:3      | Reached skill level 1 in Transmutations
  2179 | D:3      | Reached skill level 1 in Fire Magic
  2179 | D:3      | Reached skill level 1 in Ice Magic
  2179 | D:3      | Reached skill level 1 in Earth Magic
  2179 | D:3      | Reached skill level 1 in Poison Magic
  2310 | D:3      | Found a shimmering blue altar of Sif Muna.
  2310 | D:3      | Found an iron altar of Okawaru.
  2316 | D:3      | Became a worshipper of Warmaster Okawaru
  2466 | D:3      | Noticed an ogre
  2471 | D:3      | Slain by an ogre

Illustrated notes

Levels and vault maps discovered:
D:1:      wander_arrival_estate, layout_loops_ring, serial_bayou_ford_a,
          minmay_pentomino_r2
D:2:      layout_loops_ring, uniq_jessica
D:3:      layout_basic, nicolae_overflow_two_pavilions

Skill      XL: |  1  2  3  4 |
---------------+-------------+-----
Spellcasting   | 5 |  5.1
Invocations    | 1 |  1.3
Fighting       | 1 |  1.2
Short Blades   | 1 |  1.2
Long Blades    | 1 |  1.2
Axes           | 1 |  1.2
Maces & Flails | 1 |  1.2
Staves         | 1 |  1.2
Ranged Weapons | 1 |  1.2
Armour         | 1 |  1.2
Dodging        | 1 |  1.2
Stealth        | 1 |  1.2
Shields        | 1 |  1.2
Unarmed Combat | 1 |  1.2
Conjurations   | 1 |  1.0
Hexes          | 1 |  1.0
Summonings     | 1 |  1.0
Necromancy     | 1 |  1.0
Translocations | 1 |  1.0
Transmutations | 1 |  1.0
Fire Magic     | 1 |  1.0
Ice Magic      | 1 |  1.0
Earth Magic    | 1 |  1.0
Poison Magic   | 1 |  1.0
Polearms       | |  4.6
Throwing       | |  6.6
Air Magic      | |  3.8
Evocations     | |  2.8

Action                   |  1- 3 |  4- 6 || total
-------------------------+-------+-------++-------
Melee: Spear             |    91 |    50 ||   141
       Bite              |    10 |     5 ||    15
 Cast: Shock             |    11 |     7 ||    18
  Use: Scroll            |     4 |     3 ||     7
Armor: Leather armour    |    31 |    10 ||    41
Dodge: Dodged            |    40 |    27 ||    67

Table legend: (Time is in decaauts)
 A = Elapsed time spent in this place.
 B = Non-inter-level travel time spent in this place.
 C = Inter-level travel time spent in this place.
 D = Time resting spent in this place.
 E = Time spent auto-exploring this place.
 F = Levels seen in this place.
 G = Mean time per level.
                   A        B        C        D        E       F      G
               +--------+--------+--------+--------+--------+-----+--------+
         Total |   2462 |    850 |   1612 |    327 |    164 |   3 |  820.7 |
       Dungeon |   2462 |    850 |   1612 |    327 |    164 |   3 |  820.7 |
               +--------+--------+--------+--------+--------+-----+--------+

Top non-repeatable levels by time:
     D:2: 1069 daAuts
     D:1: 994 daAuts
     D:3: 397 daAuts
